 Dungeon Crawl Stone Soup version 0.27-a0-346-ga689d4a613 (webtiles) character file.

Game seed: 15233228750617216469

903 jestyr24 the Covered (level 7, -4/62 HPs)
             Began as a Minotaur Fighter on Feb 16, 2021.
             Was a Follower of Makhleb.
             Killed by divine providence
             ... invoked by an orc priest
              (13 damage)
             ... on level 6 of the Dungeon.
             The game lasted 00:15:54 (5229 turns).

jestyr24 the Covered (Minotaur Fighter)             Turns: 5229, Time: 00:15:55

Health: -4/62      AC: 15    Str: 23    XL:     7   Next: 80%
Magic:  6/6        EV:  7    Int:  5    God:    Makhleb [*.....]
Gold:   379        SH:  0    Dex:  9    Spells: 6/6 levels left

rFire    + . .     SeeInvis .   a - +0 war axe
rCold    . . .     Faith    .   c - +0 kite shield
rNeg     . . .     Spirit   .   t - +0 chain mail
rPois    .         Reflect  .   k - +0 hat
rElec    .         Harm     .   q - +0 cloak
rCorr    .         Rampage  .   l - +0 pair of gloves
Will     .....                  r - +1 pair of boots
Stlth    ..........             (no amulet)
HPRegen  0.20/turn              A - ring of protection from fire
MPRegen  0.10/turn              (no ring)

@: confused
A: retaliatory headbutt, horns 2
a: Renounce Religion


You were on level 6 of the Dungeon.
You worshipped Makhleb.
Makhleb was aware of your devotion.
You visited 1 branch of the dungeon, and saw 6 of its levels.

You collected 379 gold pieces.

Inventory:

Hand Weapons
 a - a +0 war axe (weapon)
 i - a +3 dagger
 n - a +0 war axe
Missiles
 s - 2 javelins (quivered)
Armour
 b - a +0 scale mail
 c - a +0 kite shield (worn)
 k - a +0 hat (worn)
 l - a +0 pair of gloves (worn)
 q - a +0 cloak (worn)
 r - a +1 pair of boots (worn)
 t - a +0 chain mail (worn)
 w - a +0 tower shield
Magical Staves
 p - a staff of earth {unknown}
Jewellery
 A - a ring of protection from fire (left hand)
Scrolls
 f - 2 scrolls of magic mapping {unknown}
 g - 7 scrolls of teleportation {unknown}
 h - 7 scrolls of identify {unknown}
 o - 3 scrolls of blinking {unknown}
 u - a scroll of enchant weapon {unknown}
 v - a scroll of enchant armour {unknown}
 x - a scroll of fog {unknown}
 y - a scroll of random uselessness {unknown}
Potions
 d - a potion of might
 e - a potion of lignification {unknown}
 j - 3 potions of curing {unknown}
 m - a potion of cancellation {unknown}
 z - 2 potions of haste {unknown}


   Skills:
 + Level 5.8 Fighting
 - Level 2.4 Axes
 + Level 7.5 Armour
 + Level 3.0 Dodging
 + Level 7.0 Shields


You had 6 spell levels left.
You didn't know any spells.
Your spell library was empty.

Dungeon Overview and Level Annotations

Branches:
Dungeon (6/15)             Temple (0/1) D:6

Altars:
Gozag
Hepliaklqana
Makhleb
Qazlal
Trog
Uskayaw
Yredelemnul

Shops:
D:5 *

Annotations:
D:6 exclusion: oklob sapling


Innate Abilities, Weirdness & Mutations

You reflexively headbutt those who attack you in melee.
You have a pair of horns on your head.


Message History

Something tries to affect you, but you resist.
You miss something.
You hit the orc priest but do no damage.
You block something's attack.
The orc priest hits you but does no damage.
The orc priest miscasts a cantrip.
You closely miss something. You barely miss the orc priest. You hit the orc.
Something hits you but does no damage. The orc hits you but does no damage.
The orc priest hits you but does no damage.
The orc priest mumbles some strange prayers to Beogh against you.
Beogh smites you!
You hear some strange, mumbled words.
A magic dart appears from out of thin air!
The magic dart hits you.
The orc priest hits you but does no damage.
The orc priest mumbles some strange prayers to Beogh against you.
Beogh smites you!
* * * LOW HITPOINT WARNING * * *
You closely miss something. You closely miss the orc priest.
You closely miss the orc.
You hear some strange, mumbled words.
A puff of flame appears from out of thin air!
The puff of flame hits you. You resist.
* * * LOW HITPOINT WARNING * * *
You block the orc priest's attack.
The orc priest begins to cast a cantrip, but forgets the words!
The orc barely misses you.
You hear some strange, mumbled words.
You are confused.
Found an escape hatch in the floor.
Something hits you but does no damage.
You barely miss something.
You hit the orc priest but do no damage.
Something hits you.
* * * LOW HITPOINT WARNING * * *
The orc priest hits you but does no damage.
Something hits you but does no damage.
The orc priest invokes the aid of Beogh against you.
Beogh smites you!
You die...

#.....####.##.##
#.>...#........##
................#
........#......#
........#..... .
... #....#... ..
.... #....#.## ..
#.. ##..o{.).# .#
. ##.###.<@o.#..#
#
..#......##.##.##
# .........#..#
## .
#...........# ..
##..##..##..#
...#.. ##..#### .
.....###...(# ..
##......### ..
##.......#


You could see an orc priest and an orc.

Vanquished Creatures
  An eye of draining (D:6)
  A centaur (D:5)
  2 phantoms
  2 bullfrogs (D:6)
  An orc priest (D:5)
  3 hounds
  2 bullfrog skeletons (D:5)
  An orc wizard (D:5)
  A worker ant (D:4)
  A hound skeleton (D:4)
  A howler monkey skeleton (D:4)
  3 gnolls (D:3)
  8 adders
  3 white imps (D:5)
  An ufetubus (D:5)
  2 oozes (D:2)
  An adder skeleton (D:4)
  2 worms (D:4)
  A dart slug (D:5)
  A leopard gecko (D:3)
  10 orcs
  8 bats
  3 giant cockroaches
  5 goblins
  7 hobgoblins
  2 jackals (D:5)
  7 frilled lizards
  A jackal skeleton (D:6)
  4 kobolds
  A leopard gecko skeleton (D:4)
  A quokka zombie (D:5)
  7 rats
94 creatures vanquished.

Vanquished Creatures (others)
  A wizard (D:4)
1 creature vanquished.

Grand Total: 95 creatures vanquished

Notes
Turn   | Place    | Note
-------+----------+-------------------------------------------
     0 | D:1      | jestyr24 the Minotaur Fighter began the quest for the Orb.
     0 | D:1      | Reached XP level 1. HP: 19/19 MP: 0/0
   222 | D:1      | Reached XP level 2. HP: 26/27 MP: 1/1
   881 | D:2      | Reached XP level 3. HP: 32/33 MP: 2/2
  1399 | D:2      | Found an opulent altar of Gozag.
  1399 | D:2      | Found a burning altar of Makhleb.
  1399 | D:2      | Found a basalt altar of Yredelemnul.
  1405 | D:2      | Became a worshipper of Makhleb the Destroyer
  1663 | D:3      | Reached XP level 4. HP: 20/41 MP: 3/3
  2045 | D:3      | Found a hide-covered altar of Uskayaw.
  2103 | D:3      | You fall into a shaft and drop 2 floors!
  2103 | D:5      | Entered Level 5 of the Dungeon
  2124 | D:5      | Reached skill level 1 in Dodging
  2129 | D:5      | Reached skill level 5 in Armour
  2129 | D:5      | Reached skill level 5 in Shields
  2129 | D:5      | Reached XP level 5. HP: 33/47 MP: 4/4
  2671 | D:4      | Found a bloodstained altar of Trog.
  2673 | D:4      | Noticed a wizard
  2678 | D:4      | Killed a wizard
  2768 | D:4      | Noticed a phantom
  2783 | D:4      | Killed a phantom
  2784 | D:4      | Reached skill level 5 in Fighting
  2784 | D:4      | Reached XP level 6. HP: 11/56 MP: 5/5
  4336 | D:5      | Found Sennum's General Store.
  4553 | D:5      | Reached XP level 7. HP: 56/61 MP: 6/6
  4664 | D:5      | Reached * piety under Makhleb
  5011 | D:6      | Found a staircase to the Ecumenical Temple.
  5082 | D:6      | Found a stormy altar of Qazlal.
  5082 | D:6      | Found a hazy altar of Hepliaklqana.
  5229 | D:6      | Killed from afar by an orc priest

Illustrated notes

Levels and vault maps discovered:
D:1:      roderic_dead_forest, layout_basic
D:2:      wad_pebble_path, layout_basic, gammafunk_temple_overflow_forgotten,
          minmay_misc_feat_rows
D:3:      layout_rooms, general_overflow_altar
D:4:      layout_layer_cave, trog_wizard
D:5:      layout_loops_ring, serial_shops, shop_statue
D:6:      layout_cave_pools, gammafunk_temple_overflow_wave,
          minmay_temple_entry_oklob

Skill      XL: |  1  2  3  4  5  6  7 |
---------------+----------------------+-----
Shields        | 4 5 6 7 |  7.0
Armour         | 4 5 6 7 |  7.5
Fighting       | 4 5 |  5.8
Dodging        | 1 2 3 |  3.0
Axes           | |  2.4

Action                   |  1- 3 |  4- 6 |  7- 9 || total
-------------------------+-------+-------+-------++-------
Melee: War axe           |    24 |   137 |    39 ||   200
       Headbutt          |     9 |    20 |     9 ||    38
       Dagger            |    45 |       |       ||    45
Armor: Scale mail        |    46 |    33 |       ||    79
       Chain mail        |       |    41 |    34 ||    75
Dodge: Dodged            |    24 |    49 |    20 ||    93
Block: Kite shield       |    54 |    79 |    24 ||   157

Table legend: (Time is in decaauts)
 A = Elapsed time spent in this place.
 B = Non-inter-level travel time spent in this place.
 C = Inter-level travel time spent in this place.
 D = Time resting spent in this place.
 E = Time spent auto-exploring this place.
 F = Levels seen in this place.
 G = Mean time per level.
                   A        B        C        D        E       F      G
               +--------+--------+--------+--------+--------+-----+--------+
         Total |   5352 |   5238 |    114 |    593 |   3262 |   6 |  892.0 |
       Dungeon |   5352 |   5238 |    114 |    593 |   3262 |   6 |  892.0 |
               +--------+--------+--------+--------+--------+-----+--------+

Top non-repeatable levels by time:
     D:4: 1607 daAuts
     D:5: 1068 daAuts
     D:1: 859 daAuts
     D:2: 815 daAuts
     D:3: 769 daAuts
     D:6: 232 daAuts
